 Seeded DCSS version 0.29.1-15-g9cfb28693d (webtiles) character file.

Game seed: 9845822215292249863 (custom seed)

10 Psyclone the Conjurer (level 2, 15/15 HPs)
             Began as a Deep Elf Conjurer on Sept 24, 2023.
             Quit the game on level 1 of the Dungeon.
             The game lasted 00:01:52 (592 turns).

Psyclone the Conjurer (Deep Elf Conjurer)            Turns: 592, Time: 00:01:52

Health: 15/15      AC:  2    Str:  4    XL:     2   Next: 10%
Magic:  18/18      EV: 13    Int: 34    God:
Gold:   1307       SH:  0    Dex: 17    Spells: 6/9 levels left

rFire   x . .      SeeInvis +   (no weapon)
rCold   . . .      Faith    .   (no shield)
rNeg    + . .      Spirit   .   a - +0 robe
rPois   .          Reflect  .   (no helmet)
rElec   .          Harm     .   (no cloak)
rCorr   .          Rampage  .   (no gloves)
Will    .....                   (no boots)
Stlth   ++........              (no amulet)
HPRegen 0.05/turn               e - ring of Jangez {rN+ Int+6 Dex+4}
MPRegen 0.16/turn               d - ring "Diehacs" {rF- MP+9 Int+6 SInv}

@: no status effects
A: no striking features
a: no special abilities


You were on level 1 of the Dungeon.
You visited 1 branch of the dungeon, and saw 1 of its levels.

You collected 1307 gold pieces.

Inventory:

Armour
 a - a +0 robe (worn)
Magical Staves
 f - a staff of conjuration
Jewellery
 d - the ring "Diehacs" (right hand) {rF- MP+9 Int+6 SInv}
   (You acquired it on level 1 of the Dungeon)

   [ring of intelligence]

   Int:       It affects your intelligence (+6).
   rF:        It makes you vulnerable to fire.
   MP:        It affects your magic capacity (+9).
   SInv:      It lets you see invisible.
 e - the ring of Jangez (left hand) {rN+ Int+6 Dex+4}
   (You acquired it on level 1 of the Dungeon)

   [ring of intelligence]

   Int:       It affects your intelligence (+6).
   Dex:       It affects your dexterity (+4).
   rN:        It protects you from negative energy.
Scrolls
 c - a scroll of amnesia {unknown}
Potions
 b - 2 potions of magic


   Skills:
 - Level 2.4 Dodging
 - Level 2.4 Stealth
 + Level 4.1 Spellcasting
 - Level 4.3 Conjurations


You had 6 spell levels left.
You knew the following spells:

 Your Spells              Type           Power      Damage    Failure   Level
a - Magic Dart            Conj           100%       1d8       1%          1
b - Searing Ray           Conj           72%        2d7       1%          2

Your spell library contained the following spells:

 Spells                   Type           Power      Damage    Failure   Level
 Dazzling Flash           Conj/Hex       42%        N/A       6%          3
 Fulminant Prism          Conj/Hex       10%        3d9       21%         4
 Iskenderun's Mystic Bla  Conj/Tloc      21%        2d6       21%         4


Dungeon Overview and Level Annotations

Branches:
Dungeon (1/15) Zot: 5406

Altars:


Message History

You now have 13/16 mp.
Casting: Magic Dart (safe; 1% risk of failure)
Confirm with . or Enter, or press ? or * to list all spells.
Aiming: Magic Dart (safe; 1% risk of failure)
Press: ? - help, Shift-Dir - straight line, f/p - dart slug
Aim: a dart slug (heavily wounded, 100% to hit)
The magic dart hits the rat.
You kill the rat!
You now have 12/16 mp.
Casting: Magic Dart (safe; 1% risk of failure)
Confirm with . or Enter, or press ? or * to list all spells.
Aiming: Magic Dart (safe; 1% risk of failure)
Press: ? - help, Shift-Dir - straight line, f/p - dart slug
Aim: a dart slug (heavily wounded, 100% to hit)
The magic dart hits the dart slug.
The dart slug is heavily wounded.
The dart slug briefly extends its eye-stalks.
You now have 11/16 mp.
Casting: Magic Dart (safe; 1% risk of failure)
Confirm with . or Enter, or press ? or * to list all spells.
Aiming: Magic Dart (safe; 1% risk of failure)
Press: ? - help, Shift-Dir - straight line, f/p - dart slug
Aim: a dart slug (heavily wounded, 100% to hit)
The magic dart hits the dart slug!
You kill the dart slug!
Your Spellcasting skill increases to level 4!
You have reached level 2!
Health restored: 15 You start resting.
Magic restored.
MP restored: 18 Memorise Searing Ray, consuming 2 spell levels and leaving 6?
You start memorising the spell.
You continue memorising. x2
You finish memorising.
Spell assigned to 'b'.
Casting: Magic Dart (safe; 1% risk of failure)
Confirm with . or Enter, or press ? or * to list all spells.
Okay, then.
Unknown command.
Unknown command.
Are you sure you want to abandon this character and quit the game? (Confirm with "yes".)

#.#
#.~~≈~~~~≈≈~...~~≈
#.#
#.P~~~~~~~≈P...P~~
#.#
#.................
#.#
#.####.###..######
#.# .. .... #.#
#.#
#.###########..
#......@....†.#
#############.#


There were no monsters in sight!

Vanquished Creatures
  2 dart slugs (D:1)
  A ball python (D:1)
  A quokka (D:1)
  A frilled lizard (D:1)
  A kobold (D:1)
  A rat (D:1)
7 creatures vanquished.

Notes
Turn   | Place    | Note
-------+----------+-------------------------------------------
     0 | D:1      | Psyclone the Deep Elf Conjurer began the quest for the Orb.
     0 | D:1      | Reached XP level 1. HP: 10/10 MP: 6/6
    28 | D:1      | Identified a scroll of acquirement
    28 | D:1      | Acquired 1307 gold pieces
   399 | D:1      | Acquired the ring "Diehacs" {rF- MP+9 Int+6 SInv}
   400 | D:1      | Acquired the ring of Jangez {rN+ Int+6 Dex+4}
   551 | D:1      | Reached XP level 2. HP: 15/15 MP: 9/9
   592 | D:1      | Learned a level 2 spell: Searing Ray
   592 | D:1      | Quit the game

Illustrated notes

Levels and vault maps discovered:
D:1:      giann_bridges, layout_basic

Skill      XL: |  1 |
---------------+----+-----
Spellcasting   | 4 |  4.1
Dodging        | |  2.4
Stealth        | |  2.4
Conjurations   | |  4.3

Action                   || total
-------------------------++-------
 Cast: Magic Dart        ||    19
  Use: Scroll            ||     3
Dodge: Dodged            ||     4
